 Dungeon Crawl Stone Soup version 0.14-a0-2443-g5aee772 (webtiles) character file.

274 Sabsy the Ducker (level 5, 0/42 HPs)
             Began as a Merfolk Abyssal Knight on Feb 7, 2014.
             Was a Priest of Lugonu.
             Slain by a gnoll
             ... wielding a +2,+1 flail
              (6 damage)
             ... on Level 3 of the Dungeon.
             The game lasted 00:14:15 (2765 turns).

Sabsy the Ducker (Merfolk Abyssal Knight)           Turns: 2765, Time: 00:14:15

HP   0/42        AC  6     Str 13      XL: 5   Next: 85%
MP   6/6         EV 13     Int 14      God: Lugonu [***...]
Gold 67          SH  0     Dex 14      Spells:  0 memorised,  4 levels left

rFire  . . .     SeeInvis .     a - +2,+3 spear
rCold  . . .     Clarity  .     b - +0 leather armour
rNeg   . . .     Conserve .     (no shield)
rPois  .         rCorr    .     m - +2 helmet {Int+3}
rElec  .         rRot     .     (no cloak)
SustAb . .       Spirit   .     (no gloves)
rMut   .         Warding  .     (no boots)
Saprov . . .     Stasis   .     (no amulet)
MR     .....                    (no ring)
                                (no ring)

@: not resistant to hostile enchantments, fairly stealthy
A: change form in water, swift swim
a: Depart the Abyss, Bend Space, Banish, Renounce Religion


You were on level 3 of the Dungeon.
You worshipped Lugonu.
Lugonu was most pleased with you.
You were not hungry.

You visited 1 branch of the dungeon, and saw 3 of its levels.
You visited the Abyss 1 time.

You collected 67 gold pieces.

Inventory:

Hand weapons
 a - a +2,+3 spear (weapon)
Missiles
 u - 4 tomahawks (quivered)
Armour
 b - a +0 leather armour (worn)
 m - a +2 helmet of intelligence (worn)
Comestibles
 c - 3 bread rations
 k - a choko
 p - an apple
Scrolls
 d - a scroll of enchant armour {unknown}
 f - 2 scrolls of fear
 g - 2 scrolls of fog
 h - a scroll of amnesia
 j - 2 scrolls of identify
 q - a scroll of curse weapon {unknown}
 r - a scroll of random uselessness
 t - a scroll of magic mapping
Jewellery
 e - an uncursed ring of teleportation
 o - a +3 ring of intelligence {unknown}
 s - an uncursed amulet of resist mutation {unknown}
Potions
 i - a potion of restore abilities {unknown}
 l - 4 potions of heal wounds
 n - a potion of speed
 z - a potion of invisibility


   Skills:
 - Level 3.7 Fighting
 + Level 5.0 Polearms
 - Level 0.6 Armour
 * Level 5.4 Dodging
 + Level 2.8 Stealth
 - Level 2.0 Invocations


You had 4 spell levels left.
You didn't know any spells.

Dungeon Overview and Level Annotations

Branches:
Dungeon (3/16)

Altars:
Zin


Message History

The gnoll misses you.
The gnoll hits you from afar with a halberd.
You barely miss the gnoll.
The gnoll is heavily wounded.
The gnoll hits you with a flail. The gnoll barely misses you.
You hit the gnoll but do no damage.
The gnoll is heavily wounded.
The gnoll closely misses you.
You hit the gnoll.
The gnoll is severely wounded.
The gnoll barely misses you.
You hit the gnoll.
The gnoll is severely wounded.
The gnoll hits you with a flail.
* * * LOW HITPOINT WARNING * * *
The gnoll hits you from afar with a halberd.
* * * LOW HITPOINT WARNING * * *
You are too injured to fight recklessly!
The gnoll hits you with a flail.
You die...

#######.##### #...# #....
#..ยง).# #...# ###.#
#####.####### #...# #.# ########
##.......# #...# #.# .......#
#..).....###...#######.#
.......###....##...........>.##.#
.........[.........).............
.......###....##.gg..........###.
.......# #..####@.###...######*#<
######## #........# #...# *,..
########.......## #.#.# *.#.
#.......#.###### #...# #.#.
###.......#.# #...# #,#.
.##.#####.#.# ##.## *,#.
.##.##......# #.# *,#.
.......##.#.##### #.#######,..
###.#####.#.....######.#(....#***


You could see 2 gnolls.

Vanquished Creatures
  An orc priest (D:3)
  Jessica (D:2)
  An adder (D:2)
  6 gnolls
  2 worms (D:3)
  A giant gecko (D:3)
  13 orcs (D:3)
  7 goblins
  8 hobgoblins
  4 jackals (D:2)
  An ooze (D:2)
  2 ball pythons (D:2)
  4 bats
  2 giant cockroaches
  3 giant newts (D:3)
  9 kobolds
  9 rats
74 creatures vanquished.

Notes
Turn   | Place    | Note
--------------------------------------------------------------
     0 | Abyss:1  | Sabsy, the Merfolk Abyssal Knight, began the quest for the Orb.
     0 | Abyss:1  | Reached XP level 1. HP: 18/18 MP: 1/1
    45 | Abyss:1  | Noticed a rakshasa
    60 | Abyss:1  | Noticed a large abomination
    69 | D:1      | Escaped the Abyss
   319 | D:1      | Reached XP level 2. HP: 23/25 MP: 2/2
   394 | D:1      | Acquired Lugonu's first power
  1032 | D:2      | Reached skill level 1 in Stealth
  1032 | D:2      | Reached XP level 3. HP: 30/30 MP: 3/3
  1104 | D:2      | Noticed Jessica
  1120 | D:2      | Killed Jessica
  1120 | D:2      | Reached skill level 4 in Polearms
  1151 | D:2      | Reached XP level 4. HP: 29/37 MP: 5/5
  1182 | D:2      | Found a glowing silver altar of Zin.
  1878 | D:3      | Acquired Lugonu's second power
  1960 | D:3      | Reached XP level 5. HP: 20/42 MP: 6/6
  2503 | D:3      | Reached skill level 5 in Dodging
  2514 | D:3      | Acquired Lugonu's third power
  2740 | D:3      | Reached skill level 5 in Polearms
  2765 | D:3      | Slain by a gnoll

Action                   |  1- 3 |  4- 6 || total
-------------------------+-------+-------++-------
Melee: Spear             |    98 |   194 ||   292
Invok: Depart the Abyss  |     1 |       ||     1
  Use: Scroll            |       |    13 ||    13
 Stab: Sleeping          |     2 |     3 ||     5
       Distracted        |     1 |     1 ||     2
